 Dungeon Crawl Stone Soup version 0.28.0-53-g5a82cb258f (console) character file.

Game seed: 2945581891999941392

32 erker the Sneak (level 3, 0/21 HPs)
             Began as an Octopode Earth Elementalist on July 13, 2022.
             Slain by a ball python (2 damage)
             ... on level 2 of the Dungeon.
             The game lasted 00:03:34 (1818 turns).

erker the Sneak (Octopode Earth Elementalist)       Turns: 1818, Time: 00:03:34

Health: 0/21       AC:  1    Str:  7    XL:     3   Next: 25%
Magic:  3/6        EV: 10    Int: 19    God:
Gold:   106        SH:  0    Dex: 12    Spells: 3/6 levels left

rFire   . . .      SeeInvis .   a - +0 short sword
rCold   . . .      Faith    .   (no shield)
rNeg    . . .      Spirit   .   (helmet restricted)
rPois   .          Reflect  .   (no amulet)
rElec   .          Harm     .   (no ring)
rCorr   .          Rampage  .   (no ring)
Will    .....                   (no ring)
Stlth   +++.......              (no ring)
HPRegen 0.07/turn               (no ring)
MPRegen 0.10/turn               (no ring)
                                (no ring)
                                (no ring)

@: constricted
A: almost no armour, amphibious, 8 rings, camouflage 1, gelatinous body 1,
(nimble swimmer 1), tentacles
a: no special abilities


You were on level 2 of the Dungeon.
You visited 1 branch of the dungeon, and saw 2 of its levels.

You collected 106 gold pieces.

Inventory:

Hand Weapons
 a - a +0 short sword (weapon)
 f - a +0 rapier
Missiles
 b - 101 stones
Scrolls
 c - a scroll of identify {unknown}
 g - a scroll of brand weapon {unknown}
Potions
 d - a potion of magic {unknown}
 e - 2 potions of brilliance {unknown}


   Skills:
 - Level 2.0 Short Blades
 - Level 2.0 Dodging
 - Level 4.0 Stealth
 - Level 2.0 Spellcasting
 - Level 1.0 Transmutations
 + Level 3.0 Earth Magic


You had 3 spell levels left.
You knew the following spells:

 Your Spells              Type           Power      Damage    Failure   Level
a - Sandblast             Erth           26%        2d8       4%          1
w - Passwall              Tmut/Erth      7%         N/A       11%         2

Your spell library contained the following spells:

 Spells                   Type           Power      Damage    Failure   Level
 Stone Arrow              Conj/Erth      14%        3d7       26%         3
 Petrify                  Tmut/Erth      9%         N/A       58%         4


Dungeon Overview and Level Annotations

Branches:
Dungeon (2/15)

Altars:

Annotations:
D:2 Robin


Innate Abilities, Weirdness & Mutations

You cannot wear most types of armour.
You are amphibious.
You can wear up to eight rings at the same time.
Your skin changes colour to match your surroundings (Stealth+).
Your rubbery body absorbs attacks. (AC +1, EV +1)
((You are camouflaged when in or above water. (Stealth+)))
You have tentacles for arms and can constrict up to eight enemies at once.


Message History

You kill the worm!
Training target 2.0 for Short Blades reached!
Your Short Blades skill increases to level 2!
You need to enable at least one skill for training.
A gnoll comes into view. It is wielding a +0 spear.
The ball python hisses angrily.
The gnoll shouts!
The gnoll hits you from afar with a +0 spear!
* * * LOW HITPOINT WARNING * * *
The ball python closely misses you. The ball python grabs you.
The ball python constricts you.
* * * LOW HITPOINT WARNING * * *
You escape the ball python's grasp.
The ball python closely misses you. x2
A gnoll comes into view. It is wielding a +1 flail of venom.
Casting: Sandblast (safe; 4% risk of failure)
Confirm with . or Enter, or press ? or * to list all spells.
Aiming: Passwall (safe; 11% risk of failure)
Press: ? - help, Dir - move target A rock wall.
The gnoll shouts!
The ball python misses you. The ball python grabs you.
Your meditation is interrupted.
The ball python constricts you. The gnoll closely misses you.
The gnoll throws a stone.
The stone hits you.
* * * LOW HITPOINT WARNING * * *
Unknown command.
Unknown command.
Unknown command.
Unknown command.
Unknown command.
Unknown command.
Casting: Passwall (safe; 11% risk of failure)
Confirm with . or Enter, or press ? or * to list all spells.
Aiming: Sandblast (safe; 4% risk of failure)
Press: ? - help, Shift-Dir - straight line, f - ball python
Aim: a ball python (constricting you, 77% to hit)
The blast of sand hits the ball python.
The ball python is severely wounded.
The gnoll shouts!
The ball python bites you.
You die...

. ##.....### . ......... .#
###.#......###########.# ..
........#<..#.......#
.###.......###.#.....gg ...#
.#.........#...#.....# ..#
g###..####.#.#.#.....# ...g#
..............##.....# #....#
...............#@.# #.# #.##
.###....^......#S.# #.# #..#
...#.#.........#g.# #.# #†.#
.###.##'##.###.#..###.#
####..# .....##)##.# #.#.....#
#....## .....##.##S# #.......#
#....# .###.##.##.#
####....####....#
.#.#.##.##g######............#
.#.#.##g##.........#.#########


You could see 3 gnolls and a ball python.

Vanquished Creatures
  A worm (D:2)
  A dart slug (D:1)
  2 ball pythons (D:1)
  An endoplasm (D:1)
  3 giant cockroaches
  4 goblins (D:2)
  2 hobgoblins
  A quokka (D:1)
  A bat (D:1)
  A frilled lizard (D:2)
  3 kobolds
  5 rats
25 creatures vanquished.

Notes
Turn   | Place    | Note
-------+----------+-------------------------------------------
     0 | D:1      | erker the Octopode Earth Elementalist began the quest for
                  | the Orb.
     0 | D:1      | Reached XP level 1. HP: 11/11 MP: 3/3
   299 | D:1      | Found a faded altar of an unknown god.
   315 | D:1      | Reached skill level 3 in Stealth
   684 | D:1      | Reached XP level 2. HP: 17/17 MP: 5/5
   704 | D:1      | Reached skill level 1 in Short Blades
  1055 | D:1      | Learned a level 2 spell: Passwall
  1208 | D:2      | Identified the +1 buckler "Uraanaff" {Str+5 Slay-5}
  1427 | D:2      | Reached XP level 3. HP: 19/21 MP: 6/6
  1489 | D:2      | Noticed Robin
  1511 | D:2      | Reached skill level 4 in Stealth
  1818 | D:2      | Slain by a ball python

Illustrated notes

Levels and vault maps discovered:
D:1:      psy_arrival_statuary, layout_basic,
          dreamdust_ecumenical_altar_angels_and_demons, grunt_decor_mini_mirrors
D:2:      layout_basic, minmay_misc_feat_nine_boxes, minivault_24, uniq_robin

Skill      XL: |  1  2  3 |
---------------+----------+-----
Stealth        | 3 4 |  4.0
Short Blades   | 1 2 |  2.0
Dodging        | |  2.0
Spellcasting   | |  2.0
Transmutations | |  1.0
Earth Magic    | |  3.0

Action                   || total
-------------------------++-------
Melee: Short sword       ||    32
       Constrict         ||     8
       Unarmed           ||     1
       Tentacles         ||     5
       Punch             ||     1
 Cast: Sandblast         ||     7
       Passwall          ||     1
 Stab: Sleeping          ||    11
Dodge: Dodged            ||    20
